 Dungeon Crawl Stone Soup version 0.29-a0-821-g66395355a5 (webtiles) character file.

Game seed: 537726281757748755

2085 valliere the Magician (level 9, 0/51 HPs)
             Began as a Deep Elf Ice Elementalist on July 8, 2022.
             Was a Follower of Vehumet.
             Slain by a gnoll sergeant
             ... wielding a +5 spear of freezing
              (1 damage)
             ... on level 6 of the Dungeon.
             The game lasted 00:34:59 (7594 turns).

valliere the Magician (Deep Elf Ice Elementalist)   Turns: 7594, Time: 00:34:59

Health: 0/51       AC:  7    Str: 11    XL:     9   Next: 6%
Magic:  14/21      EV: 14    Int: 25    God:    Vehumet [*.....]
Gold:   301        SH:  0    Dex: 15    Spells: 8/22 levels left

rFire   . . .      SeeInvis .   D - +2 rapier (vamp)
rCold   . . .      Faith    .   (no shield)
rNeg    . . .      Spirit   .   E - +0 steam dragon scales
rPois   .          Reflect  .   (no helmet)
rElec   .          Harm     .   (no cloak)
rCorr   .          Rampage  .   A - +0 pair of gloves
Will    .....                   t - +0 pair of boots
Stlth   +++.......              (no amulet)
HPRegen 0.17/turn               l - ring of wizardry
MPRegen 0.17/turn               m - +6 ring of strength

@: no status effects
A: no striking features
a: Renounce Religion


You were on level 6 of the Dungeon.
You worshipped Vehumet.
Vehumet was aware of your devotion.
You visited 2 branches of the dungeon, and saw 7 of its levels.

You collected 404 gold pieces.
You spent 103 gold pieces at shops.

Inventory:

Hand Weapons
 e - a +0 dagger
 j - a +0 sling
 v - a +1 dagger of speed
 w - a +4 scythe of flaming
 C - a +0 short sword
 D - a +2 vampiric rapier (weapon)
Missiles
 f - 42 stones
 i - 19 poisoned darts
Armour
 a - a +0 robe
 k - a +0 leather armour
 t - a +0 pair of boots (worn)
 y - a +2 robe of willpower
 A - a +0 pair of gloves (worn)
 E - +0 steam dragon scales (worn)
Jewellery
 l - a ring of wizardry (left hand)
 m - a +6 ring of strength (right hand)
 o - a ring of protection from fire
 x - a ring of positive energy
 F - a +6 ring of intelligence
Scrolls
 d - 4 scrolls of teleportation {unknown}
 g - a scroll of immolation {unknown}
 h - 5 scrolls of poison {unknown}
 p - a scroll of vulnerability {unknown}
 r - a scroll of magic mapping {unknown}
 s - 2 scrolls of identify {unknown}
 B - a scroll of fog {unknown}
Potions
 b - a potion of magic
 c - a potion of heal wounds {unknown}
 n - a potion of haste
 q - 4 potions of lignification {unknown}
 u - a potion of might
 z - a potion of flight {unknown}


   Skills:
 + Level 3.2 Fighting
 + Level 5.4 Dodging
 + Level 5.7 Stealth
 + Level 7.0 Spellcasting
 + Level 3.3 Conjurations
 * Level 5.6 Hexes
 + Level 4.4 Fire Magic
 + Level 6.3 Ice Magic


You had 8 spell levels left.
You knew the following spells:

 Your Spells              Type           Power      Damage    Failure   Level
a - Freeze                Ice            100%       1d11      1%          1
b - Foxfire               Conj/Fire      100%       2x1d9     1%          1
c - Ozocubu's Armour      Ice            40%        N/A       1%          3
d - Cause Fear            Hex            18%        N/A       2%          4
e - Flame Wave            Conj/Fire      28%        2d8       5%          4
f - Shock                 Conj/Air       68%        1d7       1%          1

Your spell library contained the following spells:

 Spells                   Type           Power      Damage    Failure   Level
 Slow                     Hex            100%       N/A       1%          1
 Conjure Flame            Conj/Fire      28%        6-21      1%          3
 Frozen Ramparts          Ice            80%        1d10      1%          3
 Inner Flame              Hex/Fire       34%        N/A       1%          3
 Apportation              Tloc           16%        N/A       2%          1
 Sting                    Tmut/Pois      32%        1d4       2%          1
 Summon Guardian Golem    Hex/Summ       22%        N/A       2%          3
 Hailstorm                Conj/Ice       33%        3d8       3%          4
 Orb of Destruction       Conj           12%        9d7       99%         7
 Spellforged Servitor     Conj/Summ      8%         N/A       100%        7
 Discord                  Hex            18%        N/A       100%        8
 Chain Lightning          Conj/Air       8%         3d11      100%        9
 Fire Storm               Conj/Fire      14%        8d4       100%        9
 Shatter                  Erth           4%         3d7*      100%        9


Dungeon Overview and Level Annotations

Branches:
Dungeon (6/15)             Temple (1/1) D:4

Altars:
Ashenzari
Cheibriados
Dithmenos
Elyvilon
Fedhas
Gozag
Hepliaklqana
Kikubaaqudgha
Makhleb
Nemelex Xobeh
Okawaru
Qazlal
Ru
Sif Muna
Trog
Vehumet
Wu Jian
Xom
Yredelemnul
Zin
The Shining One

Shops:
D:1 ?   D:5 [

Annotations:
D:4 4 exclusions, Edmund
D:5 exclusion: yak


Message History

Your foxfire is lightly damaged.
The zap hits the gnoll sergeant but does no damage.
The foxfire hits the gnoll sergeant.
The gnoll sergeant is lightly wounded.
The foxfire hits the gnoll sergeant but does no damage.
The gnoll sergeant is lightly wounded.
Casting: Shock (safe; 1% risk of failure)
Confirm with . or Enter, or press ? or * to list all spells.
You conjure some foxfire!
The gnoll sergeant hits you from afar with a +5 spear of freezing!
The gnoll sergeant freezes you.
Casting: Foxfire (safe; 1% risk of failure)
Confirm with . or Enter, or press ? or * to list all spells.
You conjure some foxfire!
The foxfire hits the gnoll sergeant!
The gnoll sergeant is moderately wounded.
The foxfire hits the gnoll sergeant but does no damage.
The gnoll sergeant is moderately wounded.
The gnoll sergeant hits you from afar with a +5 spear of freezing.
The gnoll sergeant freezes you.
The gnoll sergeant hits you with a +5 spear of freezing.
The gnoll sergeant freezes you.
You freeze the gnoll sergeant.
The gnoll sergeant is heavily wounded.
The gnoll sergeant hits you with a +5 spear of freezing!
* * * LOW HITPOINT WARNING * * *
The gnoll sergeant freezes you!
* * * LOW HITPOINT WARNING * * *
You are too injured to fight recklessly!
Unknown command.
Casting: Freeze (safe; 1% risk of failure)
Confirm with . or Enter, or press ? or * to list all spells.
Aiming: Freeze (safe; 1% risk of failure)
Press: ? - help, Shift-Dir - straight line, f/p - gnoll sergeant
Aim: a gnoll sergeant, wielding a +5 spear of freezing and wearing a +0 scale mail (heavily wounded, ally target)
You freeze the gnoll sergeant.
The gnoll sergeant is heavily wounded.
The gnoll sergeant hits you with a +5 spear of freezing.
* * * LOW HITPOINT WARNING * * *
The gnoll sergeant freezes you.
You die...

#########.###### ..⌠.#...#g#.##
.......##......# ....###.g...##
.......######### ..⌠.#.......##
.........# ##### ....#.#.#<#.##
#####'##+###...# ..⌠.#.#.#[#.##
...............# ... #.#.#.#.##
#####.#........####.# #.#.#.#.##
# #.#...###.###v).# #.#.#.#.## #
#..........g@v.## #.#.#.#.## #
#########.###### #.#.....## #
#.##########.##...... # #######
#.##.................
####.....####.##........).#....#.
.........'....##...............#.
#...÷..).#######.........#.#.###.
#........# #####'#####.#.....
#........# #.# #...####


You could see a gnoll sergeant (ally target).

Vanquished Creatures
  Maggie (D:6)
  Sigmund (D:4)
  2 steam dragons (D:5)
  Menkaure (D:5)
  An acid dragon (D:6)
  Duvessa (D:6)
  Blork the orc (D:5)
  A necrophage (D:5)
  A bullfrog (D:6)
  2 scorpions
  Dowan (D:6)
  A howler monkey (D:6)
  5 hounds
  4 orc priests
  5 orc wizards
  An iguana (D:4)
  A gnoll (D:6)
  5 adders
  A white imp (D:6)
  3 ufetubi (D:6)
  6 dart slugs
  20 orcs
  4 bats
  14 endoplasms
  4 giant cockroaches
  6 goblins
  5 hobgoblins
  3 jackals (D:2)
  8 quokkas
  9 ball pythons
  3 frilled lizards
  7 kobolds
  6 rats
134 creatures vanquished.

Vanquished Creatures (others)
  364 foxfires
  15 fungi (D:5)
379 creatures vanquished.

Grand Total: 513 creatures vanquished

Notes
Turn   | Place    | Note
-------+----------+-------------------------------------------
     0 | D:1      | valliere the Deep Elf Ice Elementalist began the quest for
                  | the Orb.
     0 | D:1      | Reached XP level 1. HP: 10/10 MP: 6/6
   342 | D:1      | Reached XP level 2. HP: 15/15 MP: 6/8
   560 | D:1      | Found Zouggim's Magic Scroll Boutique.
  1063 | D:2      | Reached XP level 3. HP: 20/20 MP: 6/10
  1359 | D:2      | Reached skill level 4 in Spellcasting
  1539 | D:2      | Learned a level 1 spell: Foxfire
  1713 | D:2      | Reached XP level 4. HP: 22/24 MP: 9/12
  1742 | D:2      | Found a faded altar of an unknown god.
  1746 | D:2      | Reached skill level 1 in Fighting
  2681 | D:3      | Reached skill level 1 in Fire Magic
  2685 | D:3      | Learned a level 3 spell: Ozocubu's Armour
  2763 | D:3      | Reached XP level 5. HP: 24/29 MP: 5/14
  3249 | D:4      | Reached skill level 5 in Spellcasting
  3499 | D:4      | Reached skill level 5 in Ice Magic
  3591 | D:4      | Reached XP level 6. HP: 22/34 MP: 10/16
  3712 | D:4      | Found a staircase to the Ecumenical Temple.
  3721 | Temple   | Entered the Ecumenical Temple
  3920 | Temple   | Became a worshipper of Vehumet
  4000 | D:4      | Noticed Edmund
  4336 | D:4      | Noticed Sigmund
  4341 | D:4      | Killed Sigmund
  4342 | D:4      | Reached skill level 1 in Conjurations
  4611 | D:5      | Entered Level 5 of the Dungeon
  4623 | D:5      | Noticed Menkaure
  4651 | D:5      | Found Tygiu's Antique Armour Shop.
  4659 | D:5      | Bought a runed robe for 103 gold pieces
  4723 | D:5      | Learned a level 4 spell: Cause Fear
  4763 | D:5      | Noticed a yak
  4917 | D:5      | Reached XP level 7. HP: 34/39 MP: 11/17
  4929 | D:5      | Reached skill level 1 in Hexes
  5146 | D:6      | Noticed Duvessa
  5146 | D:6      | Noticed Dowan
  5166 | D:6      | Killed Duvessa
  5302 | D:6      | Reached skill level 6 in Spellcasting
  5461 | D:6      | Killed Dowan
  5607 | D:6      | Got Starting the Arcane Arts
  5896 | D:6      | Noticed Maggie
  5993 | D:5      | Noticed a yak
  5997 | D:5      | Noticed a yak
  6081 | D:5      | Killed Menkaure
  6299 | D:5      | Noticed a steam dragon
  6321 | D:5      | Killed a steam dragon
  6322 | D:5      | Reached XP level 8. HP: 32/45 MP: 13/19
  6462 | D:5      | Reached skill level 5 in Stealth
  6888 | D:5      | Noticed Blork the orc
  6897 | D:5      | Killed Blork the orc
  6898 | D:5      | Reached skill level 5 in Dodging
  7292 | D:6      | Killed Maggie
  7293 | D:6      | Reached skill level 5 in Hexes
  7312 | D:6      | Learned a level 4 spell: Flame Wave
  7384 | D:6      | Found a burning altar of Makhleb.
  7389 | D:6      | Reached skill level 7 in Spellcasting
  7520 | D:6      | Reached XP level 9. HP: 50/50 MP: 18/21
  7521 | D:6      | Reached * piety under Vehumet
  7521 | D:6      | Offered knowledge of Shock by Vehumet.
  7524 | D:6      | Learned a level 1 spell: Shock
  7594 | D:6      | HP: 1/51 [gnoll sergeant/+5 spear of freezing (5)]
  7594 | D:6      | Slain by a gnoll sergeant

Illustrated notes

Levels and vault maps discovered:
D:1:      denvon_arrival_hothouse, layout_basic, serial_shops, shop,
          reono_crystal_passage, minmay_tetromino_t4
D:2:      layout_basic, ebering_ecumenical_altar_webs, minmay_vboxes
D:3:      layout_basic
D:4:      layout_loops_ring, minmay_temple_entry_large_hall, uniq_sigmund,
          uniq_edmund
D:5:      kennysheep_steamy, layout_basic, serial_shops,
          nicolae_shop_advertising_works [nicolae_subvault_shop_adworks],
          uniq_blork_the_orc, uniq_menkaure
D:6:      layout_basic, makhleb_heckhound_becter, grunt_ministairs_3,
          uniq_duvessa, uniq_maggie
Temple:   nicolae_temple_slightly_damp_pantheon

Skill      XL: |  1  2  3  4  5  6  7  8 |
---------------+-------------------------+-----
Stealth        | 3 4 5 |  5.7
Spellcasting   | 4 5 6 7 |  7.0
Dodging        | 3 4 5 |  5.4
Fighting       | 1 2 3 |  3.2
Fire Magic     | 1 2 3 4 |  4.4
Ice Magic      | 5 6 |  6.3
Conjurations   | 1 2 3 |  3.3
Hexes          | 3 5 |  5.6

Action                   |  1- 3 |  4- 6 |  7- 9 || total
-------------------------+-------+-------+-------++-------
Melee: Dagger            |     4 |    13 |       ||    17
       Short sword       |       |       |     1 ||     1
       Rapier            |       |       |     1 ||     1
Throw: Stone             |     3 |       |       ||     3
 Cast: Freeze            |    66 |    37 |    34 ||   137
       Foxfire           |     1 |    66 |   142 ||   209
       Cause Fear        |       |       |     1 ||     1
       Shock             |       |       |     3 ||     3
 Stab: Sleeping          |     1 |    10 |     2 ||    13
       Distracted        |     1 |       |       ||     1
Armor: Leather armour    |    13 |     1 |       ||    14
       Robe              |       |     1 |     8 ||     9
       Steam dragon scal |       |       |     1 ||     1
Dodge: Dodged            |    18 |     9 |    19 ||    46

Table legend: (Time is in decaauts)
 A = Elapsed time spent in this place.
 B = Non-inter-level travel time spent in this place.
 C = Inter-level travel time spent in this place.
 D = Time resting spent in this place.
 E = Time spent auto-exploring this place.
 F = Levels seen in this place.
 G = Mean time per level.
                   A        B        C        D        E       F      G
               +--------+--------+--------+--------+--------+-----+--------+
         Total |   7591 |   7306 |    285 |    181 |   5821 |   7 | 1084.4 |
       Dungeon |   7371 |   7106 |    265 |    181 |   5677 |   6 | 1228.5 |
        Temple |    220 |    200 |     20 |      0 |    144 |   1 |  220.0 |
               +--------+--------+--------+--------+--------+-----+--------+

Top non-repeatable levels by time:
     D:5: 1933 daAuts
     D:4: 1196 daAuts
     D:2: 1114 daAuts
     D:6: 1049 daAuts
     D:1: 1049 daAuts
     D:3: 1025 daAuts
  Temple: 220 daAuts
